 Dungeon Crawl Stone Soup version 0.29.1-2-gbd0b4ee654 (webtiles) character file.

Game seed: 6911313966202296997

41 jiml777 the Trooper (level 3, -3/29 HPs)
             Began as a Demonspawn Chaos Knight on Nov 3, 2022.
             Was a Plaything of Xom.
             Slain by Terence
             ... wielding a +0 mace
              (10 damage)
             ... on level 2 of the Dungeon.
             The game lasted 00:05:37 (920 turns).

jiml777 the Trooper (Demonspawn Chaos Knight)        Turns: 920, Time: 00:05:37

Health: -3/29      AC:  6    Str: 14    XL:     3   Next: 32%
Magic:  3/3        EV: 10    Int: 13    God:    Xom [..*...]
Gold:   17         SH:  3    Dex: 12    Spells: 2/2 levels left

rFire   . . .      SeeInvis .   a - +0 hand axe (chaos)
rCold   . . .      Faith    .   f - +0 buckler
rNeg    . . .      Spirit   .   b - +2 leather armour
rPois   .          Reflect  .   (helmet restricted)
rElec   .          Harm     .   (no cloak)
rCorr   .          Rampage  .   (no gloves)
Will    .....                   e - +0 pair of boots
Stlth   +.........              (no amulet)
HPRegen 0.09/turn               i - ring of wizardry
MPRegen 0.08/turn               (no ring)

@: no status effects
A: antennae 1, powered by pain 1
a: Renounce Religion


You were on level 2 of the Dungeon.
You worshipped Xom.
You were a toy of Xom.
You visited 1 branch of the dungeon, and saw 2 of its levels.

You collected 17 gold pieces.

Inventory:

Hand Weapons
 a - a +0 hand axe of chaos (weapon)
Missiles
 g - 5 stones
Armour
 b - a +2 leather armour (worn)
 e - a +0 pair of boots (worn)
 f - a +0 buckler (worn)
Jewellery
 i - a ring of wizardry (left hand)
Scrolls
 d - a scroll of amnesia
 k - a scroll of teleportation {unknown}
Potions
 h - 2 potions of curing
 j - a potion of flight
Miscellaneous
 c - a piece from Xom's chessboard (15/15) (quivered)


   Skills:
 + Level 3.4 Fighting
 + Level 3.3 Axes
 + Level 2.2 Armour
 + Level 0.9 Dodging


You had 2 spell levels left.
You didn't know any spells.
Your spell library was empty.

Dungeon Overview and Level Annotations

Branches:
Dungeon (2/15)

Altars:

Shops:
D:1 :

Annotations:
D:2 Terence


Innate Abilities, Weirdness & Mutations

You have a pair of small antennae on your head.
You sometimes gain a little power by taking damage.


Message History

You miss the bat. The bat barely misses you.
You hit the bat but do no damage.
The bat seems to speed up.
Xom is highly amused!
The bat barely misses you. The bat hits you but does no damage.
The bat hits you but does no damage. The bat hits you but does no damage. x2
The bat barely misses you. You block the bat's attack.
You hit the bat.
You kill the bat!
Terence the Incautious comes into view.
He is wielding a +0 mace.
Terence hits you but does no damage.
You hit Terence. You drain Terence.
Terence is heavily wounded.
Terence hits you but does no damage.
You hit Terence.
Terence is heavily wounded.
Terence barely misses you.
You hit Terence.
Terence goes berserk!
Terence is severely wounded.
Terence hits you with a +0 mace. Terence barely misses you.
You hit Terence but do no damage.
Terence is severely wounded.
Terence hits you with a +0 mace. x2
You hit Terence but do no damage.
Terence resists with some effort.
Terence is severely wounded.
Terence barely misses you. You block Terence's attack.
You closely miss Terence.
Terence is severely wounded.
Terence hits you with a +0 mace.
You hit Terence. You burn Terence.
Terence is severely wounded.
Terence barely misses you. Terence hits you with a +0 mace.
You hit Terence.
You feel better.
Terence is almost dead.
Terence barely misses you. Terence hits you with a +0 mace!
* * * LOW HITPOINT WARNING * * *
You closely miss Terence.
Terence is almost dead.
You block Terence's attack. Terence hits you with a +0 mace!
You die...

#............#
######.......#
#.......#
#.......#
#.......#
#.......#
###.......#
.......$...#
..........@@#
...............#
...........$...#
...............#
#..............#
..............#
.......##.....
...... ....##


You could see Terence (berserk, very drained).

Vanquished Creatures
  An adder (D:2)
  2 dart slugs (D:1)
  An endoplasm (D:1)
  A goblin (D:2)
  5 hobgoblins
  2 jackals (D:1)
  2 kobolds (D:1)
  2 quokkas (D:1)
  3 ball pythons (D:1)
  5 bats
  2 rats (D:1)
26 creatures vanquished.

Notes
Turn   | Place    | Note
-------+----------+-------------------------------------------
     0 | D:1      | jiml777 the Demonspawn Chaos Knight began the quest for the
                  | Orb.
     0 | D:1      | Reached XP level 1. HP: 18/18 MP: 1/1
    97 | D:1      | XOM: divination: magic mapping
   247 | D:1      | Discovered your monstrous ancestry.
   247 | D:1      | Gained mutation: You have a pair of small antennae on your
                  | head. [demonic ancestry]
   247 | D:1      | Reached XP level 2. HP: 21/24 MP: 2/2
   435 | D:1      | XOM: silly message
   491 | D:1      | Found a faded altar of an unknown god.
   601 | D:1      | Found Taerghus's Book Shoppe.
   791 | D:2      | Gained mutation: You sometimes gain a little power by
                  | taking damage. [demonic ancestry]
   791 | D:2      | Reached XP level 3. HP: 28/29 MP: 3/3
   804 | D:2      | XOM: divination: detect creatures
   908 | D:2      | Noticed Terence
   920 | D:2      | Slain by Terence

Illustrated notes

Levels and vault maps discovered:
D:1:      dpeg_arrival_arbitrary_b, layout_rooms,
          nicolae_ecumenical_snake_handling, serial_shops,
          nicolae_shop_behind_doors
D:2:      minmay_recursive_quarters, layout_basic, uniq_terence

Skill      XL: |  1  2 |
---------------+-------+-----
Armour         | 2 |  2.2
Axes           | 3 |  3.3
Fighting       | |  3.4
Dodging        | |  0.9

Action                   || total
-------------------------++-------
Melee: Hand axe          ||    82
  Use: Scroll            ||     3
Armor: Leather armour    ||    38
Dodge: Dodged            ||    49
Block: Buckler           ||    12
